 Dungeon Crawl Stone Soup version 0.24.0-2-g5b39cebb1c (webtiles) character file.

Game seed: 5964466065828020285, levelgen mode: deterministic

207599 Curus the Tortoise (level 18, -1/190 HPs)
             Began as a Minotaur Fighter on Oct 28, 2019.
             Was the Champion of Makhleb.
             Slain by an ettin
             ... wielding a +0 dire flail
              (9 damage)
             ... on level 2 of the Depths on Oct 29, 2019.
             The game lasted 03:28:49 (30481 turns).

Curus the Tortoise (Minotaur Fighter)              Turns: 30481, Time: 03:28:50

Health: -1/190     AC: 44    Str: 17    XL:     18   Next: 48%
Magic:  27/27      EV:  3    Int:  8    God:    Makhleb [******]
Gold:   2752       SH: 16    Dex: 17    Spells: 17/17 levels left

rFire    . . .     SeeInvis +   u - +4 scimitar (flame)
rCold    + + .     Gourm    .   c - +4 shield
rNeg     + . .     Faith    .   G - +9 scales of the Dragon King {rPois rF+ rC+ MR+}
rPois    +         Spirit   .   o - +2 hat {SInv}
rElec    .         Reflect  .   C - +2 cloak {+Inv}
rCorr    +         Harm     .   I - +2 pair of gloves
MR       ++...                  L - +2 pair of boots {run}
Stlth    ..........             e - amulet of rage
HPRegen  0.41/turn              m - ring of resist corrosion
MPRegen  0.20/turn              T - ring "Zintast" {Ice rN+ Str-4 Dex+2 Slay+2}

@: drained, quick
A: retaliatory headbutt, beak, horns 2, robust 1
a: Minor Destruction, Lesser Servant of Makhleb, Major Destruction, Greater
Servant of Makhleb, Renounce Religion, Evoke Berserk Rage, Evoke Invisibility


You were on level 2 of the Depths.
You worshipped Makhleb.
Makhleb was exalted by your worship.
You were not hungry.

You visited 7 branches of the dungeon, and saw 30 of its levels.
You also visited: Sewer, Gauntlet and Ice Cave.

You collected 3112 gold pieces.
You spent 360 gold pieces at shops.

Inventory:

Hand Weapons
 u - a +4 scimitar of flaming (weapon)
Armour
 c - a +4 shield (worn)
 o - a +2 hat of see invisible (worn)
 C - a +2 cloak of invisibility (worn)
 G - the +9 scales of the Dragon King (worn) {rPois rF+ rC+ MR+}
   (You found it on level 1 of the Lair of Beasts)

   It protects you from fire.
   It protects you from cold.
   It protects you from poison.
   It affects your resistance to hostile enchantments.
 I - a +2 pair of gloves (worn)
 L - a +2 pair of boots of running (worn)
Jewellery
 b - an uncursed ring of protection from cold
 d - an uncursed ring of protection from magic
 e - an amulet of rage (around neck)
 g - a +6 ring of dexterity
 k - a +3 ring of dexterity
 m - a ring of resist corrosion (left hand)
 s - an uncursed ring of flight
 v - an uncursed ring of positive energy
 z - an uncursed ring of protection from fire
 B - an uncursed ring of fire
 J - an uncursed amulet of harm
 P - a +2 ring of dexterity
 R - an uncursed ring of protection from cold
 T - the ring "Zintast" (right hand) {Ice rN+ Str-4 Dex+2 Slay+2}
   (You found it in a Gauntlet)

   [ring of ice]

   It enhances your ice magic.
   It affects your strength (-4).
   It affects your dexterity (+2).
   It affects your accuracy and damage with ranged weapons and melee attacks
   (+2).
   It makes you vulnerable to fire.
   It protects you from cold.
   It protects you from negative energy.
 U - the ring of the Ego {+Blink MR+ Int+4}
   (You took it off a minotaur in a Gauntlet)

   [ring of protection from magic]

   It affects your intelligence (+4).
   It affects your resistance to hostile enchantments.
   It lets you blink.
 X - an uncursed ring of protection from cold
 Z - an uncursed ring of magical power
Wands
 a - a wand of iceblast (16)
 j - a wand of scattershot (3)
 l - a wand of acid (6)
 t - a wand of paralysis (14)
 A - a wand of disintegration (6)
 E - a wand of polymorph (45)
 N - a wand of enslavement (13)
 V - a wand of flame (10)
 W - a wand of random effects (18)
Scrolls
 i - 11 scrolls of remove curse
 n - 25 scrolls of identify
 p - 5 scrolls of teleportation
 x - 2 scrolls of blinking
 y - a scroll of enchant weapon
 K - 11 scrolls of amnesia
 M - a scroll of fog
 Y - a scroll of holy word
Potions
 q - 2 potions of magic
 r - 2 potions of haste
 w - 6 potions of curing
 D - a potion of flight
 F - 5 potions of agility
 H - 3 potions of might
 O - 2 potions of invisibility
 Q - 2 potions of heal wounds
Comestibles
 f - 54 rations
 h - 4 chunks of flesh


   Skills:
 + Level 18.7(17.6) Fighting
 - Level 14.1(13.1) Long Blades
 + Level 18.7(17.6) Armour
 - Level 10.2(9.3) Shields
 - Level 14.0(13.0) Invocations
 - Level 11.2(10.3) Evocations


You had 17 spell levels left.
You didn't know any spells.
Your spell library contained the following spells:

 Spells                   Type           Power        Failure   Level  Hunger
 Summon Butterflies       Summ           #.......     100%        1    ##.....
 Poisonous Vapours        Pois/Air       #.....       100%        2    ###....
 Call Canine Familiar     Summ           #.......     100%        3    ####...
 Spider Form              Tmut/Pois      #.........   100%        3    ####...
 Ice Form                 Ice/Tmut       #.......     100%        4    #####..
 Summon Ice Beast         Ice/Summ       #.......     100%        4    #####..
 Throw Icicle             Conj/Ice       #.......     100%        4    #####..
 Metabolic Englaciation   Hex/Ice        #.........   100%        5    ######.
 Summon Mana Viper        Hex/Summ       #.......     100%        5    ######.
 Bolt of Cold             Conj/Ice       #.........   100%        6    #######
 Freezing Cloud           Conj/Ice/Air   #.........   100%        6    #######
 Ozocubu's Refrigeration  Ice            #.........   100%        6    #######
 Simulacrum               Ice/Necr       #.........   100%        6    #######
 Summon Hydra             Summ           #.........   100%        7    #######


Dungeon Overview and Level Annotations

Branches:
Dungeon (15/15)            Temple (1/1) D:6            Lair (6/6) D:8
 Shoals (3/4) Lair:4       Spider (1/4) Lair:2        Slime (0/5) Lair:6
    Orc (2/2) D:10            Elf (0/3) Orc:2        Vaults (0/5) D:13
 Depths (2/5) D:15          Sewer (visited)           IceCv (visited)
Gauntlet (visited)

Altars:
Ashenzari
Dithmenos
Elyvilon
Gozag
Kikubaaqudgha
Makhleb
Nemelex Xobeh
Okawaru
Qazlal
Ru
Sif Muna
Trog
Vehumet
Wu Jian
Xom
Zin
The Shining One
Beogh
Jiyva

Shops:
D:6 (   D:10 :   Orc:2 !(%

Portals:
Hell: Depths:1

Annotations:
Lair:6 3 runed translucent doors, MeekVeins's ghost, journeyman BaAK
Orc:2 1 runed translucent door, exclusion: 3 orange crystal statues


Innate Abilities, Weirdness & Mutations

You reflexively headbutt those who attack you in melee.
You have a pair of horns on your head.
You have a beak for a mouth.
You are robust. (+10% HP)


Message History

The ettin is lightly wounded.
The ettin hits you but does no damage.
The ettin hits you with a +2 dire flail of crushing!!
* * * LOW HITPOINT WARNING * * *
You hit the ettin. You burn the ettin.
You headbutt the ettin, but do no damage.
You peck the ettin, but do no damage.
The ettin is lightly wounded.
You block the ettin's attack. x2
You hit the ettin. You burn the ettin. You peck the ettin.
The ettin is moderately wounded.
You hit the ettin. You burn the ettin. You peck the ettin, but do no damage.
The ettin is moderately wounded.
The ettin hits you with a +0 dire flail!!
* * * LOW HITPOINT WARNING * * *
The ettin hits you with a +2 dire flail of crushing!
* * * LOW HITPOINT WARNING * * *
x2 A demon appears!
You block the ettin's attack.
The ettin hits you with a +2 dire flail of crushing!
You die...

#... #... #.. #. #.
####. #.... #+###
...### #.@3## #..
#C#..## #..#
.......#
#.[##..####+####..#
......#
#...#...#.##..#..#
......#
....##..#..##.#.#
......+
#..#..#..'.#.#('##
#.....# ##.
..#..#.##..#.##
##.....# #.
.##).#..##.#..##
###......## ##
.#..####+####..##


You could see an ettin and a friendly ynoxinul.

Vanquished Creatures
  Frances (D:14)
  Kirke (Lair:6)
  2 fire giants
  An emperor scorpion (Lair:2)
  A reaper (Gauntlet)
  5 very ugly things (Depths:1)
  5 stone giants
  A spark wasp (Depths:2)
  5 dire elephants (Lair:6)
  A minotaur (Gauntlet)
  7 ettins
  4 merfolk impalers
  Snorg (Lair:6)
  A yaktaur captain (D:13)
  7 ice dragons
  A great orb of eyes (Depths:2)
  6 hydras
  5 merfolk avatars
  An anaconda (Lair:6)
  A rakshasa (Depths:1)
  A catoblepas (Shoals:1)
  6 centaur warriors
  2 ogre magi
  11 two-headed ogres
  2 tengu warriors
  4 death yaks (Lair:5)
  3 orc high priests
  The ghost of Askman the Slinger, a novice HaHu of Okawaru (D:7)
  5 skeletal warriors
  A wizard (D:15)
  4 sea snakes
  An orange crystal statue (Orc:2)
  2 unseen horrors
  The ghost of ChadusMaximus the Cleaver, a novice MiBe of Trog (D:7)
  A swamp dragon (Lair:5)
  Pikel (D:9)
  7 harpies
  6 orc knights
  2 necromancers
  29 ugly things
  6 orc sorcerers
  2 deep elf magi
  3 salamanders (Depths:1)
  18 slime creatures
  6 manticores
  A cyclops (Shoals:2)
  10 fauns
  10 elephants (Lair:6)
  5 black mambas
  Maurice (D:12)
  5 merfolk sirens
  A water nymph (Shoals:3)
  2 ice statues (IceCv)
  An orange demon (D:9)
  2 molten gargoyles (Lair:3)
  12 spiny frogs
  An efreet (D:15)
  3 gargoyles
  5 komodo dragons
  A rime drake (Lair:5)
  A yaktaur (shapeshifter) (D:13)
  5 kobold demonologists
  8 ice devils (IceCv)
  6 yaktaurs
  A hellion (Depths:1)
  4 red devils (Depths:1)
  11 merfolk
  2 jumping spiders
  5 trolls
  A jumping spider (shapeshifter) (D:15)
  2 polar bears
  3 meliai (Gauntlet)
  A hornet (D:13)
  4 wind drakes
  A queen bee (Lair:3)
  A blink frog (shapeshifter) (D:14)
  16 blink frogs
  Grinder (D:3)
  9 hippogriffs
  5 snapping turtles
  3 dream sheep (Shoals:2)
  Sigmund (D:5)
  2 water elementals
  3 wyverns
  3 shadows (D:14)
  2 tarantellas
  8 basilisks
  2 wraiths
  A vampire (D:12)
  64 yaks
  A steam dragon (D:7)
  4 hogs
  A human (D:7)
  5 hungry ghosts
  A swamp worm (Lair:5)
  Menkaure (D:5)
  6 vampire mosquitoes
  3 wargs
  2 acid dragons
  16 water moccasins
  2 insubstantial wisps (D:7)
  A soldier ant (D:12)
  Duvessa (D:6)
  4 porcupines
  4 hell hounds (Depths:1)
  31 orc warriors
  7 sky beasts
  2 black bears
  5 ice beasts
  5 necrophages
  2 eyes of draining
  6 phantoms
  A wolf (shapeshifter) (D:14)
  33 wolves
  13 ogres
  12 centaurs
  14 crocodiles
  14 bullfrogs
  4 big kobolds
  2 wyvern zombies
  Dowan (D:6)
  A wyvern skeleton (D:9)
  6 scorpions
  32 killer bees
  The ghost of Oravi the Cutter, a weakling DsGl (D:3)
  4 wights (D:14)
  4 howler monkeys
  5 lava snakes (Lair:3)
  14 crimson imps
  2 jellies (D:8)
  2 draconian simulacra (IceCv)
  10 hounds
  3 centaur zombies
  20 orc priests
  3 bullfrog skeletons
  3 centaur skeletons
  7 iron imps (D:9)
  3 iguanas
  28 orc wizards
  6 yak simulacra (Lair:6)
  4 troll simulacra (IceCv)
  10 worker ants
  A killer bee zombie (D:7)
  2 wolf simulacra (Lair:6)
  A centaur simulacrum (IceCv)
  3 hound zombies
  4 hound skeletons
  3 gnolls (D:4)
  2 naga simulacra (IceCv)
  6 adders
  An ogre simulacrum (IceCv)
  6 shadow imps
  2 oozes
  An adder zombie (D:9)
  An adder skeleton (D:5)
  A dart slug (D:1)
  4 worms
  A leopard gecko (D:2)
  129 orcs
  3 ball pythons
  6 bats
  4 giant cockroaches
  9 goblins
  7 hobgoblins
  8 jackals
  30 kobolds
  6 quokkas
  2 frilled lizards (D:1)
  A jackal zombie (D:6)
  2 leopard gecko skeletons
  4 rats
  3 river rat simulacra (Lair:6)
  A fungus (Lair:5)
  3 plants (Lair:6)
  A withered plant (Shoals:1)
1048 creatures vanquished.

Vanquished Creatures (collateral kills)
  The ghost of Wopp the Geomancer, a journeyman GrEE of Ashenzari (D:14)
  A dire elephant (Lair:6)
  3 hydras
  An orc high priest (Orc:2)
  A wolf spider (Spider:1)
  3 fauns (Shoals:2)
  A redback (Spider:1)
  A yak (Lair:6)
  A swamp worm (Lair:5)
  A centaur (Depths:1)
  2 orc priests (Orc:2)
  An orc (Orc:2)
17 creatures vanquished.

Vanquished Creatures (others)
  A vampire mage (Depths:2)
  An unseen horror (D:13)
  An ugly thing (D:13)
  A troll (D:13)
  2 humans (Lair:6)
  A sky beast (D:7)
  A centaur (D:13)
  A crimson imp (Depths:1)
  An orc priest (D:7)
  A leopard gecko (D:3)
  4 demonic plants (Gauntlet)
  7 fungi
  14 plants
  3 withered plants (Gauntlet)
39 creatures vanquished.

Grand Total: 1104 creatures vanquished

Notes
Turn   | Place    | Note
-------+----------+-------------------------------------------
     0 | D:1      | Curus the Minotaur Fighter began the quest for the Orb.
     0 | D:1      | Reached XP level 1. HP: 19/19 MP: 0/0
    89 | D:1      | Reached XP level 2. HP: 25/26 MP: 1/1
   558 | D:1      | Reached XP level 3. HP: 31/31 MP: 2/2
  1178 | D:2      | Reached skill level 5 in Long Blades
  1178 | D:2      | Reached XP level 4. HP: 36/39 MP: 3/3
  1291 | D:3      | Noticed Grinder
  1297 | D:3      | Paralysed by Grinder for 3 turns
  1321 | D:3      | Killed Grinder
  1321 | D:3      | Reached XP level 5. HP: 26/45 MP: 4/4
  1321 | D:3      | Reached XP level 6. HP: 30/51 MP: 5/5
  1348 | D:3      | Found a runed translucent door.
  1371 | D:3      | Noticed Oravi's ghost (weakling DsGl)
  1498 | D:3      | Found a glowing drain.
  1523 | Sewer    | Entered a sewer
  1547 | Sewer    | Gained mutation: Potions are less effective at restoring
                  | your health. [potion of mutation]
  1547 | Sewer    | Gained mutation: You are frail. (-10% HP) [potion of
                  | mutation]
  1547 | Sewer    | Gained mutation: Your mind is acute. (Int +2) [potion of
                  | mutation]
  1901 | D:3      | Killed Oravi's ghost
  2099 | D:4      | Reached XP level 7. HP: 37/51 MP: 6/6
  2153 | D:4      | Identified the Tome of the Nocuous Frostbite
  2213 | D:4      | Found a sparkling altar of Nemelex Xobeh.
  2451 | D:4      | Reached skill level 10 in Long Blades
  2792 | D:5      | Entered Level 5 of the Dungeon
  2909 | D:5      | Reached XP level 8. HP: 18/57 MP: 7/7
  3302 | D:5      | Found a shimmering blue altar of Sif Muna.
  3337 | D:5      | Found an opulent altar of Gozag.
  3337 | D:5      | Noticed Menkaure
  3344 | D:5      | Killed Menkaure
  3433 | D:5      | Noticed Sigmund
  3443 | D:5      | Killed Sigmund
  3490 | D:5      | Found a shattered altar of Ashenzari.
  3681 | D:6      | Reached XP level 9. HP: 50/63 MP: 8/8
  3698 | D:6      | Found a staircase to the Ecumenical Temple.
  3756 | Temple   | Entered the Ecumenical Temple
  3774 | Temple   | Became a worshipper of Makhleb the Destroyer
  3835 | D:6      | Found Ziph's Antique Weapon Shoppe.
  3983 | D:6      | Noticed Dowan
  4120 | D:5      | Lost mutation: You are frail. (-10% HP) [potion of
                  | mutation]
  4120 | D:5      | Lost mutation: Your mind is acute. (Int +2) [potion of
                  | mutation]
  4120 | D:5      | Lost mutation: Potions are less effective at restoring your
                  | health. [potion of mutation]
  4120 | D:5      | Gained mutation: You have a beak for a mouth. [potion of
                  | mutation]
  4120 | D:5      | Gained mutation: You are robust. (+10% HP) [potion of
                  | mutation]
  4122 | D:6      | Noticed Duvessa
  4241 | D:6      | Found an iron altar of Okawaru.
  4470 | D:6      | Killed Duvessa
  4480 | D:6      | Killed Dowan
  4480 | D:6      | Reached skill level 5 in Fighting
  4480 | D:6      | Reached skill level 5 in Armour
  4570 | D:7      | Found a runed translucent gate.
  4570 | D:7      | Found a runed translucent gate.
  4570 | D:7      | Found a runed translucent gate.
  4570 | D:7      | Noticed ChadusMaximus's ghost (novice MiBe)
  4571 | D:7      | Noticed Askman's ghost (novice HaHu)
  4717 | D:7      | Found an ancient bone altar of Kikubaaqudgha.
  4868 | D:7      | Reached * piety under Makhleb
  5179 | D:7      | Reached XP level 10. HP: 67/94 MP: 9/9
  5370 | D:7      | Found a shadowy altar of Dithmenos.
  5770 | D:8      | Reached ** piety under Makhleb
  5826 | D:8      | Noticed a two-headed ogre
  5834 | D:8      | Killed a two-headed ogre
  6089 | D:8      | Found a staircase to the Lair.
  6095 | Lair:1   | Entered Level 1 of the Lair of Beasts
  6112 | Lair:1   | Noticed a spiny frog
  6119 | Lair:1   | Killed a spiny frog
  6119 | Lair:1   | Reached skill level 1 in Invocations
  6214 | Lair:1   | Reached skill level 5 in Shields
  6275 | Lair:1   | Noticed a spiny frog
  6286 | Lair:1   | Killed a spiny frog
  6298 | Lair:1   | Reached XP level 11. HP: 36/108 MP: 12/12
  6487 | Lair:1   | Found the +9 scales of the Dragon King {rPois rF+ rC+ MR+}
  7149 | Lair:2   | Reached skill level 5 in Invocations
  7155 | Lair:2   | Found a hole to the Spider Nest.
  7267 | Lair:2   | Reached *** piety under Makhleb
  8145 | Lair:3   | Reached skill level 10 in Shields
  8150 | Lair:3   | Reached **** piety under Makhleb
  8171 | Lair:3   | Reached skill level 1 in Evocations
  8222 | Lair:3   | Reached XP level 12. HP: 67/115 MP: 17/17
  8347 | Lair:3   | Found a white marble altar of Elyvilon.
  8463 | Lair:3   | Reached ***** piety under Makhleb
  8906 | Lair:3   | Reached skill level 5 in Evocations
  9351 | Lair:4   | Reached skill level 10 in Invocations
  9357 | Lair:4   | Identified a +1 pair of boots of running (You found it on
                  | level 4 of the Lair of Beasts)
  9453 | Lair:4   | Found a staircase to the Shoals.
  9673 | Lair:4   | You fall into a shaft and drop 1 floor!
  9737 | Lair:5   | Noticed a death yak
  9743 | Lair:5   | Noticed a death yak
  9745 | Lair:5   | Noticed a death yak
  9749 | Lair:5   | Noticed a death yak
  9768 | Lair:5   | Killed a death yak
  9777 | Lair:5   | Killed a death yak
  9783 | Lair:5   | Killed a death yak
  9806 | Lair:5   | Killed a death yak
  9806 | Lair:5   | Reached XP level 13. HP: 104/122 MP: 20/20
 11440 | Lair:6   | Entered Level 6 of the Lair of Beasts
 11442 | Lair:6   | Noticed Snorg
 11576 | Lair:6   | Killed Snorg
 11577 | Lair:6   | Found a runed translucent gate.
 11578 | Lair:6   | Found a runed translucent gate.
 11669 | Lair:6   | Noticed Kirke
 11693 | Lair:6   | Killed Kirke
 11923 | Lair:6   | Reached ****** piety under Makhleb
 12012 | Lair:6   | Found a staircase to the Slime Pits.
 12012 | Lair:6   | Found a viscous altar of Jiyva.
 12057 | Lair:6   | Reached skill level 10 in Evocations
 12178 | Lair:6   | Reached XP level 14. HP: 129/129 MP: 22/22
 12281 | Lair:6   | Found a runed translucent gate.
 12282 | Lair:6   | Noticed MeekVeins's ghost (journeyman BaAK)
 14135 | Lair:6   | Upgraded the game from 0.24.0-1-gfbc8707122 to
                  | 0.24.0-2-g5b39cebb1c
 14491 | D:7      | Killed Askman's ghost
 14513 | D:7      | Killed ChadusMaximus's ghost
 15171 | D:9      | Found a burning altar of Makhleb.
 15203 | D:9      | Noticed Pikel
 15215 | D:9      | Killed Pikel
 15797 | D:10     | Entered Level 10 of the Dungeon
 16134 | D:10     | Found Neji Zekh's Book Shop.
 16184 | D:10     | Found a staircase to the Orcish Mines.
 16199 | Orc:1    | Entered Level 1 of the Orcish Mines
 16200 | Orc:1    | You fall into a shaft and drop 1 floor!
 16200 | Orc:2    | Entered Level 2 of the Orcish Mines
 16602 | Orc:2    | Found a runed translucent door.
 16616 | Orc:2    | Reached skill level 10 in Fighting
 16626 | Orc:2    | Reached skill level 10 in Armour
 16724 | Orc:1    | Found a bloodstained altar of Trog.
 16939 | Orc:2    | Found the +10 large shield of Ignorance {rN+ Int-4}
 16968 | Orc:2    | Found a runed translucent door.
 17002 | Orc:2    | Found a roughly hewn altar of Beogh.
 17006 | Orc:2    | Found a staircase to the Elven Halls.
 17949 | Orc:2    | Found Keynerchy's Food Shop.
 17949 | Orc:2    | Found Utoyv's Distillery.
 17951 | Orc:2    | Found Tatatafuf's Weapon Shop.
 17951 | Orc:2    | Found Nepen's Food Emporium.
 17962 | Orc:2    | Bought a potion of curing for 54 gold pieces
 17962 | Orc:2    | Bought a potion of heal wounds for 90 gold pieces
 17962 | Orc:2    | Bought a potion of might for 72 gold pieces
 17962 | Orc:2    | Bought a potion of might for 72 gold pieces
 17962 | Orc:2    | Bought a potion of agility for 72 gold pieces
 18249 | D:10     | Found a roughly hewn altar of Beogh.
 18424 | D:11     | Found an ornate altar of the Wu Jian Council.
 18634 | D:11     | Found a gate leading to a gauntlet.
 18644 | Gauntlet | Entered a Gauntlet
 18644 | Gauntlet | Found a transporter.
 18647 | Gauntlet | Found a transporter.
 18663 | Gauntlet | Found a transporter.
 18667 | Gauntlet | Found a transporter.
 18687 | Gauntlet | Found a transporter.
 18700 | Gauntlet | Found a transporter.
 18712 | Gauntlet | Noticed a reaper
 18713 | Gauntlet | Found a transporter.
 18730 | Gauntlet | Found a transporter.
 18734 | Gauntlet | Found a transporter.
 18742 | Gauntlet | Found a transporter.
 18763 | Gauntlet | Identified the ring of Fomuciun {rN+ Dex+2}
 18765 | Gauntlet | Found a transporter.
 18769 | Gauntlet | Found a transporter.
 18900 | Gauntlet | Killed a reaper
 18915 | Gauntlet | Got a translucent silver ring
 18925 | Gauntlet | Identified the ring "Zintast" {Ice rN+ Str-4 Dex+2 Slay+2}
                  | (You found it in a Gauntlet)
 18938 | Gauntlet | Identified the ring of the Ego {+Blink MR+ Int+4}
 18947 | Gauntlet | Reached XP level 15. HP: 100/145 MP: 24/24
 20256 | D:12     | Noticed Maurice
 20274 | D:12     | Killed Maurice
 20514 | D:12     | Found a shimmering blue altar of Sif Muna.
 20686 | D:13     | Found a gate to the Vaults.
 21362 | D:13     | Found a shimmering altar of Xom.
 22166 | D:14     | Found a runed translucent gate.
 22197 | D:14     | Found a runed translucent gate.
 22197 | D:14     | Found a runed translucent gate.
 22197 | D:14     | Noticed Wopp's ghost (journeyman GrEE)
 22223 | D:14     | Noticed Frances
 22236 | D:14     | Killed Frances
 22848 | D:15     | Entered Level 15 of the Dungeon
 22974 | D:15     | Found a staircase to the Depths.
 22975 | D:15     | Noticed a fire giant
 23078 | D:15     | Killed a fire giant
 23581 | D:15     | Found a frozen archway.
 23618 | IceCv    | Entered an ice cave
 24176 | D:15     | Reached XP level 16. HP: 161/161 MP: 25/25
 24764 | D:14     | Killed Wopp's ghost
 25472 | Shoals:1 | Entered Level 1 of the Shoals
 25478 | Shoals:1 | Reached skill level 15 in Armour
 25490 | Shoals:1 | Reached skill level 15 in Fighting
 27935 | Spider:1 | Entered Level 1 of the Spider Nest
 27974 | Lair:2   | HP: 6/167 [emperor scorpion (14)]
 28830 | Depths:1 | Entered Level 1 of the Depths
 28919 | Depths:1 | Reached XP level 17. HP: 109/177 MP: 26/26
 29058 | Depths:1 | Found a gateway to Hell.
 29653 | Depths:1 | Reached XP level 18. HP: 187/187 MP: 27/27
 30481 | Depths:2 | Slain by an ettin

Levels and vault maps discovered:
D:1:      sevenhm_arrival_forest_fort_large_4, layout_loops_cross, minmay_tall_x
D:2:      layout_loops_cross, grunt_ministairs_14
D:3:      layout_rooms, hellmonk_ghost_happy_afterlife,
          cheibrodos_sewer_entry_sluice, lemuel_another_geyser, uniq_grinder
D:4:      layout_gridville, lemuel_altar_in_water
D:5:      layout_rooms, lemuel_coloured_pillars_altar,
          overflow_temple_1_default, overflow_temple_1_default, first_ration,
          uniq_menkaure, uniq_sigmund
D:6:      layout_loops_ring, marbit_many_paths, minmay_temple_entry_crystal_x,
          serial_shops, shop, kennysheep_opposing_triangles, uniq_duvessa
D:7:      layout_basic, grunt_dithmenos_shadows, kennysheep_mini_moat,
          gammafunk_ghost_cemetery, grunt_livestock, hangedman_misty_isle
D:8:      layout_loops_corners, lair_entry_dummy
D:9:      layout_loops_ring, lemuel_hellish_altar, uniq_pikel
D:10:     layout_rooms, minmay_orc_entry_temple_small, serial_shops,
          kennysheep_mini
D:11:     layout_basic, basic_altar, gauntlet_entry_generic
D:12:     layout_roguey, lemuel_blue_sif_altar, uniq_maurice
D:13:     wander_river, layout_loops_corners, david_vaults_2,
          nrook_loot_triangle, xom_confusion_cloud
D:14:     layout_cave_pods, gammafunk_ghost_hydra_chop, amethyst_killhole,
          minmay_microvault, uniq_frances
D:15:     grunt_enter_depths_giant_problem, layout_basic,
          portal_ice_cave_entry_pillars_1, fountainhead,
          chequers_serial_rivers_micro_b
Temple:   eino_temple_scatter_basement
Lair:1:   layout_regular_city, enter_volcano_1
Lair:2:   layout_misc_corridors, spider_nest_entry_rubble,
          grunt_forest_large_clearings, lemuel_fruit_fields
Lair:3:   cheibrodos_magma_flow, layout_misc_corridors, basic_altar,
          special_room [special_room_bee], roderic_carrion_pond,
          infiniplex_staircase_pool
Lair:4:   layout_big_grid, minmay_shoals_entry_lonely_mermaid
Lair:5:   onia_ninara_swampy_vault, layout_cave_pods
Lair:6:   due_jungle_book, layout_gridlike, slime_altar_1,
          gammafunk_ghost_hydra_chop, st_stairs_7, eino_house_with_fridge,
          uniq_kirke, uniq_snorg
Shoals:1: layout_shoals, argonaut_gorgonesque
Shoals:2: layout_shoals
Shoals:3: argonaut_golden_fleece, layout_shoals
Spider:1: layout_chambers
Orc:1:    layout_caves, trog_hazing_becter
Orc:2:    grunt_orc_tribal_feast, layout_diamond_mine, basic_altar,
          chequers_guarded_unrand_ignorance
Depths:1: layout_twisted_cross, hellmouth_3, hangedman_glass_teeth,
          lightli_corner_chamber
Depths:2: minmay_the_grid_octo_tiled_octocenter [minmay_the_grid_octo_clover,
          minmay_the_grid_octo_fat_diamond, minmay_the_grid_octo_odd_swirl,
          minmay_the_grid_octo_concentric,
          minmay_the_grid_octo_prize_single_spiral,
          minmay_the_grid_square_5x5_trominoes, minmay_the_grid_square_5x5_z,
          minmay_the_grid_square_5x5_broken_cross,
          minmay_the_grid_square_5x5_inner_z], layout_cave_shapes,
          nicolae_water_bricks, hell_entry, hangedman_abyss_entry_splay

Skill      XL: |  1  2  3  4  5  6  7  8  9 10 11 12 13 14 15 16 17 18 |
---------------+-------------------------------------------------------+-----
Long Blades    | 3 4 5 7 9 11 13 14 | 14.1
Fighting       | 7 9 11 14 17 18 | 18.7
Armour         | 7 9 11 14 17 18 | 18.7
Shields        | 6 10 | 10.2
Invocations    | 3 8 10 13 14 | 14.0
Evocations     | 1 7 10 11 | 11.2

Action                   |  1- 3 |  4- 6 |  7- 9 | 10-12 | 13-15 | 16-18 || total
-------------------------+-------+-------+-------+-------+-------+-------++-------
Melee: Long sword        |    57 |    97 |   391 |    30 |       |       ||   575
       Headbutt          |    10 |    19 |   114 |   260 |   729 |   307 ||  1439
       Peck              |       |       |    34 |   248 |   747 |   293 ||  1322
       Scimitar          |       |       |       |   899 |  2455 |  1078 ||  4432
Invok: Minor Destruction |       |       |       |     3 |     8 |     2 ||    13
       Major Destruction |       |       |       |     1 |    13 |     2 ||    16
       Lesser Servant of |       |       |       |       |    12 |     5 ||    17
       Greater Servant o |       |       |       |       |     2 |     2 ||     4
 Abil: Evoke Flight      |       |       |       |       |     1 |    13 ||    14
       Evoke Berserk Rag |       |       |       |       |     1 |     1 ||     2
       Stop Flying       |       |       |       |       |       |     1 ||     1
Evoke: Wand              |       |       |       |       |     4 |     2 ||     6
  Use: Scroll            |     6 |     4 |     6 |     3 |    14 |     6 ||    39
       Potion            |     2 |     5 |     3 |     4 |     6 |     7 ||    27
 Stab: Invisible         |       |     1 |       |       |       |       ||     1
       Distracted        |       |       |       |       |     4 |     2 ||     6
       Fleeing           |       |       |       |       |       |     1 ||     1
  Eat: Chunk             |       |     4 |    10 |    16 |    42 |    17 ||    89
       Ration            |       |       |       |       |     4 |     2 ||     6
Armor: Scale mail        |    13 |    37 |    16 |       |       |       ||    66
       Chain mail        |       |       |    12 |       |       |       ||    12
       Plate armour      |       |       |   113 |    80 |       |       ||   193
       Gold dragon scale |       |       |       |   605 |  1493 |   892 ||  2990
Dodge: Dodged            |    18 |    14 |    37 |    92 |   158 |   103 ||   422
Block: Shield            |    26 |    36 |   159 |   649 |  1544 |   757 ||  3171
       Rpst.: Long sword |     5 |     4 |    12 |     1 |       |       ||    22
       Scimitar          |       |       |       |    29 |    37 |    23 ||    89
